 Dungeon Crawl Stone Soup version 0.26-a0-1139-g7d2dc893a1 (webtiles) character file.

Game seed: 9940229050015328584

1835 Dracia the Chopper (level 8, -16/58 HPs)
             Began as a Demonspawn Fighter on Dec 21, 2020.
             Demolished by a two-headed ogre
             ... wielding a +0 giant club
              (23 damage)
             ... on level 9 of the Dungeon.
             The game lasted 00:07:49 (6796 turns).

Dracia the Chopper (Demonspawn Fighter)             Turns: 6796, Time: 00:07:49

Health: -16/58     AC: 16    Str: 18    XL:     8   Next: 87%
Magic:  12/12      EV:  4    Int: 11    God:
Gold:   273        SH: 10    Dex: 14    Spells: 12/12 levels left

rFire    . . .     SeeInvis .   a - +0 war axe
rCold    . . .     Faith    .   c - +0 kite shield
rNeg     + . .     Spirit   .   j - +0 plate armour
rPois    .         Reflect  .   l - +0 helmet
rElec    .         Harm     .   k - +0 cloak
rCorr    .         Rampage  .   r - +0 pair of gloves
Will     +....                  (no boots)
Stlth    ..........             (no amulet)
HPRegen  0.19/turn              o - ring of willpower
MPRegen  0.13/turn              N - ring of positive energy

@: no status effects
A: hooves 2, powered by pain 1, spiny 2, big brain 1
a: no special abilities


You were on level 9 of the Dungeon.
You visited 1 branch of the dungeon, and saw 8 of its levels.

You collected 273 gold pieces.


Innate Abilities, Weirdness & Mutations

You have hoof-like feet.
You sometimes gain a little power by taking damage.
You are mostly covered in sharp spines.
You have an unusually large brain. (Int +2)


   Skills:
 - Level 3.0 Fighting
 + Level 6.9 Axes
 + Level 6.1 Armour
 + Level 1.7 Dodging
 - Level 5.3 Shields
 + Level 2.7 Spellcasting


You had 12 spell levels left.
You didn't know any spells.
Your spell library contained the following spells:

 Spells                   Type           Power        Failure   Level
 Beastly Appendage        Tmut           2%           100%        1
 Wereblood                Tmut           1%           100%        2
 Spider Form              Tmut/Pois      0%           100%        3
 Ice Form                 Ice/Tmut       1%           100%        4
 Blade Hands              Tmut           0%           100%        5

Inventory:

Hand Weapons
 a - a +0 war axe (weapon)
Missiles
 u - a throwing net {=f=f}
 y - 14 poisoned darts (quivered)
Armour
 b - a +0 scale mail
 c - a +0 kite shield (worn)
 j - a +0 plate armour (worn)
 k - a +0 cloak (worn)
 l - a +0 helmet (worn)
 r - a +0 pair of gloves (worn)
Jewellery
 o - a ring of willpower (left hand)
 v - an uncursed ring of see invisible
 N - a ring of positive energy (right hand)
 Q - an uncursed ring of stealth
 W - an uncursed ring of magical power
Wands
 d - a wand of digging (12)
 m - a wand of iceblast (22)
 n - a wand of paralysis (10)
 s - a wand of disintegration (9)
Scrolls
 e - 7 scrolls of identify {unknown}
 f - 2 scrolls of noise {unknown}
 g - 5 scrolls of teleportation {unknown}
 h - 2 scrolls of blinking {unknown}
 i - 10 scrolls of remove curse {unknown}
 q - 2 scrolls of enchant armour {unknown}
 t - a scroll of amnesia {unknown}
 x - 2 scrolls of magic mapping {unknown}
 z - a scroll of fear {unknown}
Potions
 p - a potion of brilliance {unknown}
 w - a potion of heal wounds {@q2@q2}

Dungeon Overview and Level Annotations

Branches:
Dungeon (9/15)
 Temple: D:4-7         Lair: D:8-11         Orc: D:9-12

Altars:
Fedhas
Nemelex Xobeh

Shops:
D:5

**:=
#..##....
#..##..#
#......#.
#........
#...#+###
#.#.#
#.#.#
#$..#
#@..#
#O.......
+..#...##
#......#
#......#
#.##...#
#.. ...#
### ##.#


You could see a two-headed ogre.


Message History

Your plate armour prevents you from hitting the two-headed ogre.
You kick the two-headed ogre.
The two-headed ogre is moderately wounded.
You hit the two-headed ogre. You kick the two-headed ogre.
The two-headed ogre is moderately wounded.
You block the two-headed ogre's attack. x2
Your plate armour prevents you from hitting the two-headed ogre.
You kick the two-headed ogre.
The two-headed ogre is moderately wounded.
The two-headed ogre is struck by your spines.
The two-headed ogre hits you with a +0 giant club! x2
You hit the two-headed ogre. You kick the two-headed ogre!
The two-headed ogre is severely wounded.
The two-headed ogre is struck by your spines.
The two-headed ogre hits you with a +0 giant club!
* * * LOW HITPOINT WARNING * * *
The two-headed ogre hits you with a +0 giant club!
* * * LOW HITPOINT WARNING * * *
You hit the two-headed ogre but do no damage.
You kick the two-headed ogre, but do no damage.
The two-headed ogre is severely wounded.
The two-headed ogre is struck by your spines.
The two-headed ogre completely misses you.
The two-headed ogre hits you with a +0 giant club.
* * * LOW HITPOINT WARNING * * *
You hit the two-headed ogre but do no damage.
The two-headed ogre is severely wounded.
The two-headed ogre is struck by your spines.
The two-headed ogre hits you with a +0 giant club!!
You die...

Skill      XL: |  1  2  3  4  5  6  7  8 |
---------------+-------------------------+-----
Axes           | 2 4 5 6 |  6.9
Armour         | 3 4 5 6 |  6.1
Shields        | 3 4 5 |  5.3
Spellcasting   | 2 |  2.7
Dodging        | 1 |  1.7
Fighting       | |  3.0

Action                   |  1- 3 |  4- 6 |  7- 9 || total
-------------------------+-------+-------+-------++-------
Melee: War axe           |    90 |   110 |   192 ||   392
       Kick              |       |    32 |    56 ||    88
  Use: Potion            |     3 |       |       ||     3
Armor: Scale mail        |    29 |       |       ||    29
       Plate armour      |    21 |    43 |   107 ||   171
Dodge: Dodged            |    16 |    12 |    23 ||    51
Block: Kite shield       |    42 |    73 |   102 ||   217

Levels and vault maps discovered:
D:1:      tarquinn_simple_flora_water_a, layout_rooms, minmay_cut_off
D:2:      layout_basic, uniq_sigmund
D:3:      wad_river_or_something, layout_loops_corners
D:4:      layout_basic, fedhas_altar_2
D:5:      layout_gridville, nemelex_xobeh_ov_fountains_minmay, serial_shops,
          shop, nicolae_shop_stone, shop, shop
D:6:      layout_gridville, uniq_eustachio
D:8:      layout_loops_ring
D:9:      lemuel_ice_spiral_2, layout_stronghold, serial_shops,
          nicolae_shop_waterfront, uniq_grum

Notes
Turn   | Place    | Note
-------+----------+-------------------------------------------
     0 | D:1      | Dracia the Demonspawn Fighter began the quest for the Orb.
     0 | D:1      | Reached XP level 1. HP: 18/18 MP: 1/1
   155 | D:1      | Reached skill level 2 in Axes
   346 | D:1      | Gained mutation: You are partially covered in sharp spines.
                  | [demonic ancestry]
   346 | D:1      | Reached XP level 2. HP: 24/24 MP: 2/2
   466 | D:1      | Reached skill level 3 in Armour
   466 | D:1      | Reached skill level 3 in Shields
   466 | D:1      | Gained mutation: You sometimes gain a little power by
                  | taking damage. [demonic ancestry]
   466 | D:1      | Reached XP level 3. HP: 13/29 MP: 3/3
   936 | D:2      | Noticed Sigmund
   961 | D:2      | Killed Sigmund
   962 | D:2      | Reached skill level 4 in Axes
   962 | D:2      | Gained mutation: You are mostly covered in sharp spines.
                  | [demonic ancestry]
   962 | D:2      | Reached XP level 4. HP: 17/35 MP: 4/4
   962 | D:2      | Gained mutation: You have large cloven feet. [demonic
                  | ancestry]
   962 | D:2      | Reached XP level 5. HP: 20/41 MP: 5/5
  1645 | D:2      | Gained mutation: You have an unusually large brain. (Int
                  | +2) [demonic ancestry]
  1645 | D:2      | Reached XP level 6. HP: 17/47 MP: 6/6
  2166 | D:3      | Reached skill level 4 in Armour
  2166 | D:3      | Reached skill level 4 in Shields
  3288 | D:4      | Reached skill level 5 in Axes
  3288 | D:4      | Gained mutation: You have hoof-like feet. [demonic
                  | ancestry]
  3288 | D:4      | Reached XP level 7. HP: 8/52 MP: 7/7
  3669 | D:4      | Found a blossoming altar of Fedhas.
  4195 | D:5      | Entered Level 5 of the Dungeon
  4195 | D:5      | Found a sparkling altar of Nemelex Xobeh.
  4253 | D:5      | Found Liceit's Book Shoppe.
  4684 | D:5      | Found Tymmiehuve's General Store.
  4764 | D:5      | Found Caiwn's Assorted Antiques.
  4863 | D:5      | Reached skill level 5 in Armour
  4863 | D:5      | Reached skill level 5 in Shields
  5013 | D:5      | Found Fitaur's Jewellery Shop.
  5040 | D:5      | Reached XP level 8. HP: 53/58 MP: 8/8
  5164 | D:6      | Noticed Eustachio
  5172 | D:6      | Killed Eustachio
  5173 | D:6      | Reached skill level 6 in Axes
  5368 | D:6      | Reached skill level 1 in Spellcasting
  5803 | D:6      | You fall into a shaft and drop 2 floors!
  5897 | D:8      | Reached skill level 2 in Spellcasting
  6006 | D:8      | Reached skill level 6 in Armour
  6006 | D:8      | Reached skill level 1 in Dodging
  6786 | D:9      | Noticed a two-headed ogre
  6796 | D:9      | Demolished by a two-headed ogre

Vanquished Creatures
  Sigmund (D:2)
  Eustachio (D:6)
  A water moccasin (D:6)
  An orc warrior (D:8)
  2 sky beasts
  2 ogres
  A centaur (D:5)
  2 bullfrogs (D:6)
  A howler monkey (D:5)
  A bullfrog zombie (D:5)
  2 hounds
  A quasit (D:8)
  A bullfrog skeleton (D:4)
  An orc priest (D:8)
  A jelly (D:6)
  A centaur skeleton (D:3)
  An orc wizard (D:5)
  4 worker ants
  A hound skeleton (D:5)
  2 howler monkey skeletons
  A howler monkey zombie (D:5)
  5 gnolls
  9 adders
  A shadow imp (D:5)
  2 white imps
  An ooze (D:2)
  3 adder skeletons
  4 worms
  5 dart slugs
  12 leopard geckos
  10 orcs
  8 bats
  6 giant cockroaches
  10 goblins
  6 hobgoblins
  16 jackals
  A quokka (D:5)
  2 ball pythons
  7 frilled lizards
  17 kobolds
  2 leopard gecko skeletons
  A leopard gecko zombie (D:6)
  A quokka zombie (D:5)
  5 rats
163 creatures vanquished.

Table legend: (Time is in decaauts)
 A = Elapsed time spent in this place.
 B = Non-inter-level travel time spent in this place.
 C = Inter-level travel time spent in this place.
 D = Time resting spent in this place.
 E = Time spent auto-exploring this place.
 F = Levels seen in this place.
 G = Mean time per level.
                   A        B        C        D        E       F      G
               +--------+--------+--------+--------+--------+-----+--------+
         Total |   6926 |   6692 |    234 |   1052 |   4708 |   8 |  865.8 |
       Dungeon |   6926 |   6692 |    234 |   1052 |   4708 |   8 |  865.8 |
               +--------+--------+--------+--------+--------+-----+--------+

Top non-repeatable levels by time:
     D:2: 1309 daAuts
     D:3: 1167 daAuts
     D:4: 1000 daAuts
     D:8: 980 daAuts
     D:5: 972 daAuts
     D:1: 807 daAuts
     D:6: 666 daAuts
     D:9: 21 daAuts

Table legend:
 A = Non-vault XP
 B = Vault XP
 C = Vault XP percentage of total XP
 D = Non-vault monster count
 E = Vault monster count
 F = Vault count percentage of total count
                 A         B        C        D         E       F
            +---------+---------+-------+---------+---------+-------
      Total |    2152 |     470 |  17.9 |     147 |      16 |   9.8
            +---------+---------+-------+---------+---------+-------
        D:1 |      46 |      10 |  17.9 |      18 |       5 |  21.7
        D:2 |     144 |     238 |  62.3 |      33 |       1 |   2.9
        D:3 |     126 |      31 |  19.7 |      23 |       9 |  28.1
        D:4 |     322 |       0 |   0.0 |      19 |       0 |   0.0
        D:5 |     526 |       0 |   0.0 |      26 |       0 |   0.0
        D:6 |     447 |     191 |  29.9 |      13 |       1 |   7.1
        D:8 |     541 |       0 |   0.0 |      15 |       0 |   0.0
            +---------+---------+-------+---------+---------+-------
